Map: Blueshift LE

Players

Mackintac - Winner!

  • Race: Zerg Zerg
  • Spawn Location: 1:00

CalebAracous

  • Race: Zerg Zerg
  • Spawn Location: 7:00

Event: WCS Montreal 2018

VOD

Have the link to the VOD?

Description

Time

  • Played on: Sept. 7, 2018, 1:56 p.m.
  • Length: 18:37

All games in this series

Show
View Real Time Build Order
Export as new Build Order

Mackintac Zerg - Winner!

Build Orders: Hatch First 

Get SALT Encoding   

  12  0:01  Drone  
  13  0:12  Overlord  
  13  0:16  Drone  
  14  0:32  Drone x2  
  14  0:34  Drone  
  17  0:51  Hatchery  
  17  0:54  Drone  
  17  0:58  Extractor  
  16  1:09  Spawning Pool  
  15  1:13  Drone  
  15  1:16  Drone  
  17  1:22  Drone  
  18  1:33  Drone  
  19  1:43  Overlord  
  19  1:58  Queen  
  19  1:59  Zergling x2  
  22  2:03  Metabolic Boost  
  22  2:04  Queen  
  22  2:06  Zergling x2  
  25  2:10  Drone  
  25  2:13  Drone  
  27  2:16  Drone  
  28  2:23  Baneling Nest  
  28  2:27  Drone  
  28  2:33  Zergling x2  
  28  2:34  Drone  
  28  2:51  Zergling x6  
  28  2:57  Hatchery  
  30  3:01  Drone  
  30  3:05  Overlord  
  31  3:10  Zergling x2, Drone  
  33  3:22  Zergling x2  
  33  3:23  Drone  
  33  3:26  Drone x2  
  35  3:35  Drone x3  
  35  3:38  Drone x2  
  38  3:45  Roach Warren  
  38  3:46  Baneling x2  
  38  3:47  Drone x2  
  40  3:48  Drone  
  40  3:53  Zergling x4  
  42  3:56  Overlord  
  42  4:09  Zergling x12  
  48  4:13  Queen  
  49  4:30  Drone x3  
  52  4:33  Lair  
  52  4:36  Evolution Chamber  
  51  4:38  Extractor, Drone x2  
  51  4:39  Drone x2  
  51  4:41  Extractor  
  53  4:46  Drone x4  
  55  5:02  Drone x2  
  55  5:03  Drone  
  57  5:14  Drone  
  57  5:17  Extractor  
  57  5:23  Zerg Missile Weapons Level 1  
  57  5:24  Burrow  
  57  5:27  Overlord  
  57  5:28  Overlord  
  56  5:37  Queen  
  56  5:40  Hydralisk Den, Queen  
  56  5:41  Glial Reconstitution  
  55  5:52  Spore Crawler  
  53  5:59  Drone x3  
  53  6:00  Drone x3  
  53  6:02  Drone x3  
  62  6:05  Infestation Pit, Zergling x6  
  63  6:12  Muscular Augments  
  63  6:14  Drone  
  66  6:25  Spore Crawler  
  65  6:26  Spore Crawler  
  65  6:27  Spore Crawler  
  65  6:29  Queen  
  65  6:37  Drone x2  
  65  6:38  Drone  
  67  6:53  Pathogen Glands, Hatchery  
  67  6:54  Hydralisk x2  
  64  7:07  Roach x3  
  67  7:09  Overlord x4  
  67  7:18  Drone x22  
  67  7:27  Grooved Spines  
  67  7:28  Overlord, Drone x8, Zerg Ground Armor Level 1  
  65  7:33  Queen  
  67  7:44  Infestor x2  
  71  7:52  Queen  
  71  7:53  Hydralisk x3  
  71  7:54  Hydralisk  
  79  8:04  Hydralisk, Roach  
  79  8:05  Roach  
  85  8:15  Extractor  
  85  8:17  Extractor  
  83  8:25  Hydralisk x3, Roach x3  
  83  8:26  Roach  
  97  8:32  Overlord, Queen  
  97  8:33  Overlord  
  99  8:39  Drone x3  
  99  8:40  Drone  
  98  8:43  Infestor  
  100  8:55  Drone x5  
  104  8:56  Drone  
  104  9:02  Hydralisk x2, Roach  
  110  9:04  Roach  
  114  9:31  Overlord, Zerg Missile Weapons Level 2  
  114  9:36  Overlord  
  114  9:53  Hydralisk, Roach x3  
  117  10:21  Infestor  
  117  10:22  Infestor x2  
  117  10:25  Queen  
  123  10:33  Infestor x3  
  129  10:41  Drone  
  129  10:42  Overlord x3  
  130  10:56  Unknown x3  
  130  11:03  Hydralisk x6, Roach  
  130  11:04  Roach x5  
  154  11:15  Hatchery  
  153  11:19  Overlord  
  153  11:20  Overlord  
  153  11:21  Overlord  
  145  11:45  Hydralisk  
  145  11:46  Roach x12  
  171  11:52  Infestor x6  
  169  12:15  Overlord  
  169  12:18  Zerg Ground Armor Level 2  
  169  12:21  Hydralisk x2  
  169  12:22  Roach x2  
  177  12:24  Overlord  
  177  12:49  Hydralisk x5, Roach  
  177  12:50  Roach x2  
  126  13:19  Infestor  
  114  13:20  Infestor x6  
  106  13:42  Hydralisk x5  
  116  13:48  Roach x2  
  116  13:50  Roach x2  
  116  13:52  Roach x2  
  114  13:58  Hydralisk x4  
  122  14:04  Hydralisk  
  116  14:21  Drone  
  116  14:22  Drone x3  
  116  14:24  Hydralisk  
  122  14:42  Hydralisk x2  
  122  14:43  Roach x3  
  132  14:55  Overlord  
  132  15:06  Roach x2  
  130  15:16  Hydralisk x3, Roach x2  
  130  15:17  Roach x2  
  142  15:22  Hydralisk  
  142  15:33  Hydralisk x3  
  148  15:36  Hydralisk  
  144  15:56  Hydralisk, Roach x2  
  144  15:57  Roach  
  152  15:58  Roach  
  152  16:01  Overseer  
  154  16:09  Roach  
  150  16:24  Infestor  
  146  16:26  Infestor x9  
  146  16:29  Infestor x9  
  146  16:33  Roach x3  
  146  16:37  Hive  
  146  16:46  Infestor x2  
  146  16:47  Infestor  
  146  16:48  Hatchery  
  146  16:49  Roach x2  
  146  16:53  Unknown x3  
  147  17:15  Hydralisk x3, Roach  
  149  17:16  Roach x3  
  149  17:20  Roach  
  123  17:58  Hydralisk x2  
  123  17:59  Hydralisk x3, Roach x5  
  139  18:25  Drone  
Show
View Real Time Build Order
Export as new Build Order

CalebAracous Zerg 

Build Orders: Hatch First, Muta Ling Bane 

Get SALT Encoding   

  12  0:00  Drone  
  13  0:12  Overlord  
  13  0:18  Drone  
  14  0:31  Drone  
  14  0:32  Drone  
  16  0:50  Hatchery  
  16  0:53  Drone  
  16  1:00  Drone  
  16  1:01  Drone  
  18  1:08  Extractor  
  17  1:18  Spawning Pool  
  16  1:22  Drone  
  17  1:28  Drone x2  
  19  1:45  Drone  
  20  1:51  Overlord  
  20  2:04  Queen x2  
  20  2:05  Zergling x2  
  20  2:06  Zergling x2  
  26  2:12  Metabolic Boost  
  26  2:16  Drone  
  27  2:23  Drone x2  
  27  2:24  Drone  
  30  2:35  Drone  
  30  2:36  Baneling Nest  
  30  2:49  Queen  
  31  2:52  Drone  
  31  2:53  Overlord  
  32  3:01  Zergling x4  
  34  3:06  Lair  
  34  3:08  Overlord  
  34  3:15  Spine Crawler  
  33  3:21  Baneling  
  33  3:28  Zergling x2  
  33  3:29  Zergling x4  
  33  3:33  Overlord  
  36  3:35  Drone x3  
  38  3:44  Extractor x2, Drone x3  
  39  3:58  Drone x4  
  43  4:10  Overlord  
  43  4:13  Drone x4  
  46  4:31  Drone x4  
  49  4:32  Spire  
  49  4:33  Baneling  
  49  4:35  Zergling x2  
  49  4:47  Zergling x4  
  51  4:56  Baneling x2  
  51  5:03  Drone x6  
  54  5:16  Drone x2  
  54  5:17  Extractor, Drone x2  
  54  5:19  Overlord x2  
  56  5:30  Baneling  
  56  5:31  Baneling  
  56  5:44  Mutalisk x5  
  56  5:49  Zerg Flyer Weapons Level 1  
  65  5:53  Evolution Chamber  
  63  6:01  Mutalisk  
  63  6:02  Overlord, Extractor  
  63  6:03  Zergling x2  
  63  6:04  Zergling x6  
  68  6:07  Baneling x2  
  68  6:08  Overlord  
  68  6:12  Hatchery  
  68  6:13  Mutalisk  
  68  6:17  Mutalisk  
  71  6:20  Zergling x10  
  71  6:21  Overlord  
  76  6:30  Overlord  
  76  6:32  Mutalisk  
  77  6:43  Mutalisk  
  79  6:54  Mutalisk x2  
  74  6:59  Zergling x10  
  81  7:05  Overseer x2  
  81  7:07  Zergling x2  
  81  7:08  Zergling x2  
  79  7:13  Mutalisk  
  76  7:30  Zergling x6  
  76  7:32  Queen  
  76  7:33  Mutalisk x2  
  85  7:44  Mutalisk  
  85  7:46  Drone x9  
  95  7:55  Zergling x2  
  95  7:57  Mutalisk  
  98  8:01  Overlord  
  94  8:18  Baneling  
  94  8:19  Baneling  
  92  8:20  Mutalisk x2  
  92  8:22  Zergling x16  
  92  8:25  Centrifical Hooks  
  102  8:33  Extractor  
  100  8:35  Zergling x8  
  103  8:46  Baneling x8  
  103  8:47  Zergling x14  
  103  8:48  Zergling x2  
  111  8:55  Mutalisk  
  110  9:04  Mutalisk  
  110  9:11  Mutalisk, Hatchery  
  110  9:13  Zergling x24  
  115  9:20  Baneling x5  
  115  9:22  Overseer  
  115  9:23  Drone x2  
  115  9:24  Extractor, Drone, Queen  
  117  9:36  Mutalisk  
  117  9:37  Mutalisk  
  121  9:41  Drone  
  121  9:43  Overlord x3  
  122  9:48  Baneling  
  122  9:50  Baneling  
  122  9:51  Baneling x7  
  122  9:55  Hatchery  
  122  9:59  Pneumatized Carapace  
  120  10:12  Mutalisk x2  
  114  10:22  Mutalisk  
  114  10:23  Mutalisk  
  114  10:25  Zergling x24  
  125  10:34  Drone x2  
  123  10:40  Drone x4  
  123  10:42  Mutalisk x3  
  126  10:49  Baneling x6  
  132  10:50  Zergling x2  
  132  10:51  Zergling x4  
  135  10:57  Overseer  
  135  10:59  Zergling x2  
  135  11:00  Zergling x4  
  138  11:09  Drone x4  
  138  11:10  Drone x3  
  144  11:16  Zergling x14  
  151  11:25  Mutalisk x3  
  145  11:41  Mutalisk x5  
  145  11:44  Zergling x2  
  145  11:45  Zergling x2  
  145  11:46  Overlord x3  
  157  11:53  Baneling x6  
  157  11:57  Zergling x4  
  157  12:00  Overlord x3  
  155  12:05  Baneling x8  
  147  12:16  Zergling x2  
  147  12:17  Zergling x18  
  147  12:21  Baneling  
  147  12:22  Baneling x3  
  150  12:40  Baneling x20  
  149  12:44  Zergling x6  
  149  12:50  Zergling x8  
  150  12:53  Overlord x3  
  122  13:09  Mutalisk x3  
  122  13:12  Zergling x2  
  113  13:13  Zergling x10  
  113  13:16  Mutalisk  
  103  13:25  Mutalisk x2  
  98  13:33  Overseer  
  96  13:48  Hatchery  
  95  13:58  Baneling Nest  
  95  13:59  Mutalisk  
  95  14:00  Mutalisk  
  97  14:06  Mutalisk  
  99  14:25  Drone x2  
  101  14:38  Mutalisk x2  
  85  14:41  Hatchery  
  82  14:47  Baneling x8  
  82  14:53  Mutalisk  
  84  15:00  Mutalisk  
  81  15:13  Mutalisk  
  80  15:19  Baneling  
  80  15:20  Zergling x2  
  80  15:24  Baneling  
  80  15:25  Baneling x2  
  80  15:45  Zergling x2  
  80  15:46  Zergling x6  
  82  15:53  Baneling x2  
  82  15:56  Zergling x6  
  85  15:59  Zergling x2  
  85  16:03  Zergling x4  
  88  16:05  Baneling  
  88  16:06  Baneling  
  88  16:07  Baneling  
  88  16:08  Baneling  
  88  16:21  Burrow  
  88  16:25  Drone x5  
  93  16:32  Baneling  
  92  16:40  Drone x3  
  92  16:45  Zergling x10  
  99  16:58  Zergling x2  
  99  16:59  Zergling x10  
  102  17:15  Baneling  
  99  17:16  Baneling x9  
  99  17:28  Zergling x2  
  99  17:29  Zergling x20  
  107  17:41  Mutalisk  
  107  17:43  Zergling x2  
  107  17:44  Zergling x12  
  101  17:50  Mutalisk  
  96  17:55  Zergling x2  
  78  18:03  Zergling x8  
  55  18:19  Zergling x6  
Tags
 
Add a new tag
Caveats
  • Supply blocks, unpowered buildings, or Contaminate may cause inaccurate times.
  • Supply counts are checked every 10 seconds.